 Dungeon Crawl Stone Soup version 0.22-a0-282-gdd34a7d (webtiles) character file.

78 pkoi the Cudgeler (level 4, -5/26 HPs)
             Began as a Gargoyle Gladiator on Mar 17, 2018.
             Killed from afar by an orc wizard (7 damage)
             ... with a puff of frost
             ... on level 4 of the Dungeon.
             The game lasted 00:01:57 (1419 turns).

pkoi the Cudgeler (Gargoyle Gladiator)              Turns: 1419, Time: 00:01:59

Health: -5/26      AC:  8    Str: 17 (19) XL:     4   Next: 36%
Magic:  4/4        EV: 12    Int:  8      God:
Gold:   77         SH:  0    Dex: 11      Spells: 3/3 levels left

rFire    . . .     SeeInvis .   a - +0 flail
rCold    . . .     Gourm    .   (no shield)
rNeg     + . .     Faith    .   b - +0 leather armour
rPois    ∞         Spirit   .   k - +0 helmet (curse)
rElec    +         Reflect  .   i - +0 cloak
rCorr    .         Harm     .   e - -1 pair of gloves (curse)
MR       .....                  (no boots)
Stlth    +.........             (no amulet)
HPRegen  0.08/turn              (no ring)
MPRegen  0.09/turn              (no ring)

@: flying
A: negative energy resistance 1, electricity resistance, unbreathing,
petrification resistance, rot immunity, AC +3
a: no special abilities


You were on level 4 of the Dungeon.
You were not hungry.

You visited 1 branch of the dungeon, and saw 3 of its levels.

You collected 77 gold pieces.

Inventory:

Hand Weapons
 a - a +0 flail (weapon)
Missiles
 d - 3 throwing nets (quivered)
Armour
 b - a +0 leather armour (worn)
 c - a +0 helmet
 e - a cursed -1 pair of gloves (worn)
 i - a +0 cloak (worn)
 k - a cursed +0 helmet (worn)
Potions
 h - a potion of agility {unknown}
 j - a potion of curing {unknown}
 l - a potion of flight
 m - a potion of haste {unknown}
Comestibles
 f - 3 rations
 g - 3 chunks of flesh


   Skills:
 - Level 2.1 Fighting
 + Level 5.0 Maces & Flails
 - Level 1.7 Throwing
 - Level 2.4 Dodging


You had 3 spell levels left.
You didn't know any spells.

Dungeon Overview and Level Annotations

Branches:
Dungeon (2/15)

Altars:


Innate Abilities, Weirdness & Mutations

You are resistant to torment.
Your stone body is resilient. (AC +3)
You are immune to poison.
You resist negative energy. (rN+)
You are resistant to electric shocks. (rElec)
You can survive without breathing.
You are immune to petrification.
You are immune to rotting.


Message History

The orc misses you.
The orc wizard casts a spell.
The orc wizard seems to speed up.
You barely miss the orc wizard.
The orc wizard is almost dead.
The orc wizard hits you but does no damage.
The orc closely misses you. The orc wizard barely misses you.
You barely miss the orc wizard.
The orc wizard is almost dead.
The orc wizard hits you with a hand axe.
* * * LOW HITPOINT WARNING * * *
The orc closely misses you.
It was a potion of flight.
You feel very buoyant.
You fly up into the air.
The orc wizard hits you but does no damage.
The orc closely misses you.
The orc wizard points at you and mumbles some strange words.
The puff of frost hits you!
You die...

### #.. #..
######################..
........................
?.......)###..########..
.......@o# ##...........
#####.)o## ##########..
##..# ### #... #.## #.
#. . ##


You could see an orc wizard and an orc.

Vanquished Creatures
  An orc wizard (D:4)
  A gnoll (D:2)
  2 oozes
  A dart slug (D:1)
  2 orcs (D:4)
  A giant cockroach (D:1)
  7 goblins
  3 hobgoblins (D:1)
  A quokka (D:2)
  3 bats
  4 frilled lizards
  3 kobolds
  5 rats
34 creatures vanquished.

Notes
Turn   | Place    | Note
-------+----------+-------------------------------------------
     0 | D:1      | pkoi the Gargoyle Gladiator began the quest for the Orb.
     0 | D:1      | Reached XP level 1. HP: 12/12 MP: 1/1
   238 | D:1      | Reached XP level 2. HP: 15/17 MP: 2/2
   735 | D:1      | Reached skill level 4 in Maces & Flails
   939 | D:1      | Reached XP level 3. HP: 21/21 MP: 3/3
  1328 | D:2      | You fall through a shaft for 2 floors!
  1404 | D:4      | Reached skill level 5 in Maces & Flails
  1404 | D:4      | Reached XP level 4. HP: 12/26 MP: 4/4
  1419 | D:4      | Killed from afar by an orc wizard

Vault maps used:
D:1:      dpeg_arrival_boxes_within_box
D:2:      kb_forest_paths, first_ration
D:4:      hangedman_abyss_or_decor_lesser_grid, kennysheep_generic_room_13

Skill      XL: |  1  2  3 |
---------------+----------+-----
Maces & Flails | 4 5 |  5.0
Fighting       | |  2.1
Throwing       | |  1.7
Dodging        | |  2.4

Action                   |  1- 3 |  4- 6 || total
-------------------------+-------+-------++-------
Melee: Flail             |   112 |    14 ||   126
  Use: Scroll            |     3 |       ||     3
       Potion            |     1 |     1 ||     2
  Eat: Chunk             |     2 |       ||     2
Armor: Leather armour    |    66 |    13 ||    79
Dodge: Dodged            |    68 |    16 ||    84

Table legend:
 A = Spawn XP
 B = Non-spawn XP
 C = Spawn XP percentage of total XP
 D = Spawn monster count
 E = Non-spawn monster count
 F = Spawn count percentage of total count
 G = Total turns spent on level
                    A         B        C        D         E        F      G
               +---------+---------+-------+---------+---------+-------+---------
         Total |       0 |     112 |   0.0 |       0 |      34 |   0.0 |  1419
               +---------+---------+-------+---------+---------+-------+---------
           D:1 |       0 |      37 |   0.0 |       0 |      18 |   0.0 |   999
           D:2 |       0 |      35 |   0.0 |       0 |      12 |   0.0 |   329
           D:4 |       0 |      40 |   0.0 |       0 |       4 |   0.0 |    91
               +---------+---------+-------+---------+---------+-------+---------
